 Dungeon Crawl Stone Soup version 0.26.1-11-gd32895ea62 (webtiles) character file.

Game seed: 4752498445791285306

6183 Eitelfritz the Carver (level 10, -2/88 HPs)
             Began as a Minotaur Gladiator on Apr 22, 2021.
             Was a Priest of Okawaru.
             Blown up by a centaur (6 damage)
             ... with a disintegration bolt
             ... on level 9 of the Dungeon.
             The game lasted 00:27:51 (10934 turns).

Eitelfritz the Carver (Minotaur Gladiator)         Turns: 10934, Time: 00:27:52

Health: -2/88      AC: 14    Str: 20    XL:     10   Next: 60%
Magic:  11/11      EV: 10    Int:  8    God:    Okawaru [***...]
Gold:   432        SH:  0    Dex: 11    Spells: 9/9 levels left

rFire    + . .     SeeInvis .   b - +0 shortbow
rCold    . . .     Faith    .   (shield currently unavailable)
rNeg     + . .     Spirit   .   G - +0 chain mail
rPois    .         Reflect  .   c - +0 hat
rElec    .         Harm     .   m - +0 cloak
rCorr    .         Rampage  .   (no gloves)
Will     .....                  j - +1 pair of boots
Stlth    ..........             (no amulet)
HPRegen  0.24/turn              M - ring of positive energy
MPRegen  0.12/turn              w - ring of protection from fire

@: studying Axes
A: retaliatory headbutt, horns 2
a: Renounce Religion, Heroism


You were on level 9 of the Dungeon.
You worshipped Okawaru.
Okawaru was most pleased with you.
You visited 2 branches of the dungeon, and saw 10 of its levels.
You also visited: Sewer and Ossuary.

You collected 564 gold pieces.
You spent 132 gold pieces at shops.

Inventory:

Hand Weapons
 a - a +1 long sword of flaming
 b - a +0 shortbow (weapon)
Missiles
 d - 4 throwing nets
 i - 122 arrows (quivered ammo)
 n - 32 poisoned darts
 I - 7 javelins
 L - 4 curare-tipped darts
Armour
 c - a +0 hat (worn)
 j - a +1 pair of boots (worn)
 m - a +0 cloak (worn)
 G - a +0 chain mail (worn)
Jewellery
 q - an uncursed ring of protection from cold
 w - a ring of protection from fire (right hand)
 M - a ring of positive energy (left hand)
Wands
 r - a wand of paralysis (21)
Scrolls
 f - a scroll of fog
 g - 8 scrolls of teleportation
 t - 5 scrolls of fear
 u - 5 scrolls of remove curse
 y - a scroll of blinking
 A - 3 scrolls of enchant weapon
 E - a scroll of enchant armour
 K - a scroll of immolation
Potions
 e - 3 potions of heal wounds
 h - 9 potions of curing
 k - 4 potions of attraction
 l - 5 potions of haste
 o - 4 potions of might
 p - 8 potions of lignification
 s - 2 potions of magic
 v - a potion of flight {unknown}
 x - a potion of cancellation {unknown}
 z - 2 potions of ambrosia {unknown}
 B - a potion of mutation {unknown}
 C - 2 potions of resistance
 D - a potion of brilliance {unknown}
 F - 2 potions of berserk rage
Books
 J - a manual of Axes


   Skills:
 + Level 8.1 Fighting
 + Level 12.9 Long Blades
 + Level 3.3 Bows
 + Level 2.2 Throwing
 + Level 7.7 Armour
 + Level 6.4 Dodging
 + Level 1.8 Stealth
 * Level 3.9 Invocations


You had 9 spell levels left.
You didn't know any spells.
Your spell library contained the following spells:

 Spells                   Type           Power        Failure   Level
 Confusing Touch          Hex            0%           100%        3
 Gell's Gravitas          Tloc           0%           100%        3
 Ignite Poison            Fire/Tmut/Pois 0%           100%        3
 Petrify                  Tmut/Erth      0%           100%        4
 Fireball                 Conj/Fire      0%           100%        5
 Metabolic Englaciation   Hex/Ice        0%           100%        5
 Yara's Violent Unravell  Hex/Tmut       0%           100%        5
 Starburst                Conj/Fire      0%           100%        6
 Chain Lightning          Conj/Air       0%           100%        8
 Ignition                 Fire           0%           100%        8
 Lehudib's Crystal Spear  Conj/Erth      0%           100%        8
 Absolute Zero            Ice            0%           100%        9
 Fire Storm               Conj/Fire      0%           100%        9


Dungeon Overview and Level Annotations

Branches:
Dungeon (9/15)             Temple (1/1) D:7             Orc (0/2) D:9
  Sewer (visited)         Ossuary (visited)
   Lair: D:8-11

Altars:
Ashenzari
Cheibriados
Dithmenos
Elyvilon
Fedhas
Gozag
Hepliaklqana
Kikubaaqudgha
Makhleb
Nemelex Xobeh
Okawaru
Qazlal
Ru
Sif Muna
Trog
Uskayaw
Vehumet
Wu Jian
Xom
Yredelemnul
Zin

Shops:
D:5 !   D:8 ?


Innate Abilities, Weirdness & Mutations

You reflexively headbutt those who attack you in melee.
You have a pair of horns on your head.


Message History

The centaur shoots an arrow.
The arrow hits you but does no damage.
Fire: 124 arrows
Press: ? - help, Q - select action, (/) - cycle Shift-Dir - straight line, f/p - centaur
Aim: a centaur, wielding a +0 shortbow, quivering 17 arrows and carrying a wand of disintegration (11) (72% to hit)
You shoot an arrow. The arrow hits the centaur!
The centaur is moderately wounded.
The centaur shoots an arrow.
The arrow hits you.
* * * LOW HITPOINT WARNING * * *
The centaur shoots an arrow.
The arrow hits you.
* * * LOW HITPOINT WARNING * * *
Fire: 123 arrows
Press: ? - help, Q - select action, (/) - cycle Shift-Dir - straight line, f/p - centaur
Aim: a centaur, wielding a +0 shortbow, quivering 15 arrows and carrying a wand of disintegration (11) (moderately wounded, 72% to hit)
You shoot an arrow.
The arrow hits the centaur but does no damage.
The centaur is moderately wounded.
The centaur zaps a wand.
You are blasted!
* * * LOW HITPOINT WARNING * * *
The centaur zaps a wand.
You are blasted!
You die...

..#............ ... ..#
#..#..... .... ..#
#......####.... #.#
#....#.....8. #.#
#....#....... #.#
##.##.o....... #<##
#..##o.8....>.
#..###.###.........
#....)))@..#.......
................#.....8.
................####....
####.#.....<....... ....
#.#.............. ...
#.##...........## #
..........##<.#
#.#.c.....# ...


You could see a centaur.

Vanquished Creatures
  Pikel (D:8)
  A deep elf mage (D:8)
  A cyclops (D:7)
  Maurice (D:8)
  A gargoyle (D:8)
  A slime creature (D:8)
  An acid dragon (D:8)
  A water moccasin (D:8)
  A black bear (D:6)
  3 orc warriors (D:9)
  3 ogres
  A phantom (D:8)
  An ice beast (D:7)
  5 centaurs
  4 lemures (D:8)
  2 big kobolds
  4 bullfrogs
  A gnoll sergeant (D:7)
  5 scorpions
  7 wights (D:7)
  3 howler monkeys
  3 centaur zombies (Ossuary)
  A bullfrog zombie (D:5)
  4 hounds
  A quasit (D:7)
  A centaur skeleton (D:8)
  3 orc priests (D:6)
  A bullfrog skeleton (D:5)
  A gnoll shaman (D:8)
  3 jellies
  8 orc wizards
  3 iguanas
  6 worker ants
  2 big kobold zombies (Ossuary)
  2 ogre zombies (Ossuary)
  2 hound skeletons
  2 worker ant zombies
  7 mummies (Ossuary)
  A howler monkey zombie (D:8)
  9 gnolls
  8 adders
  A shadow imp (D:8)
  2 white imps (D:7)
  2 adder skeletons
  3 adder zombies
  6 worms
  6 dart slugs
  2 leopard geckos
  30 orcs
  6 ball pythons
  2 giant cockroaches (D:3)
  2 gnoll zombies (Ossuary)
  6 goblins
  6 hobgoblins
  17 jackals
  13 kobolds
  2 quokkas
  6 bats
  8 frilled lizards
  2 goblin zombies (Ossuary)
  4 hobgoblin zombies (Ossuary)
  6 kobold zombies (Ossuary)
  5 quokka zombies (Ossuary)
  8 rats
  3 rat zombies (Ossuary)
264 creatures vanquished.

Vanquished Creatures (others)
  13 plants (Sewer)
13 creatures vanquished.

Grand Total: 277 creatures vanquished

Notes
Turn   | Place    | Note
-------+----------+-------------------------------------------
     0 | D:1      | Eitelfritz the Minotaur Gladiator began the quest for the
                  | Orb.
     0 | D:1      | Reached XP level 1. HP: 18/18 MP: 0/0
   169 | D:1      | Reached XP level 2. HP: 25/25 MP: 1/1
   274 | D:1      | Reached skill level 4 in Long Blades
   723 | D:1      | Reached XP level 3. HP: 26/30 MP: 2/2
  1666 | D:2      | Reached skill level 1 in Armour
  1932 | D:3      | Reached XP level 4. HP: 34/38 MP: 3/3
  1957 | D:3      | Reached skill level 5 in Long Blades
  2161 | D:3      | Found a sparkling altar of Nemelex Xobeh.
  2265 | D:3      | Reached XP level 5. HP: 44/45 MP: 4/4
  3610 | D:4      | Found a shimmering blue altar of Sif Muna.
  3664 | D:4      | Found a blossoming altar of Fedhas.
  3773 | D:5      | Entered Level 5 of the Dungeon
  3844 | D:5      | Reached XP level 6. HP: 49/51 MP: 5/5
  3866 | D:5      | Reached skill level 6 in Long Blades
  3922 | D:5      | Found Jamn's Distillery.
  3934 | D:5      | Bought a potion of curing for 42 gold pieces
  3992 | D:5      | Found a sand-covered staircase.
  4019 | Ossuary  | Entered an ossuary
  4261 | Ossuary  | Reached skill level 7 in Long Blades
  4376 | Ossuary  | Reached XP level 7. HP: 49/59 MP: 6/6
  5245 | D:5      | Reached skill level 5 in Fighting
  5245 | D:5      | Reached skill level 8 in Long Blades
  5897 | D:5      | Reached XP level 8. HP: 69/69 MP: 7/7
  6092 | D:6      | Reached skill level 9 in Long Blades
  6139 | D:6      | Reached skill level 5 in Dodging
  6178 | D:6      | Found a stormy altar of Qazlal.
  6349 | D:6      | Found a glowing drain.
  6367 | D:6      | Reached skill level 1 in Stealth
  6377 | Sewer    | Entered a sewer
  7848 | D:7      | Found a staircase to the Ecumenical Temple.
  7912 | D:7      | Reached skill level 10 in Long Blades
  8014 | D:7      | Found a basalt altar of Yredelemnul.
  8085 | D:7      | Reached skill level 5 in Armour
  8141 | D:7      | Reached XP level 9. HP: 52/78 MP: 8/8
  8304 | D:7      | Noticed a cyclops
  8316 | D:7      | Killed a cyclops
  8317 | D:7      | Reached skill level 11 in Long Blades
  8854 | D:7      | Reached skill level 1 in Bows
  9190 | Temple   | Entered the Ecumenical Temple
  9347 | Temple   | Became a worshipper of Warmaster Okawaru
  9384 | D:8      | Noticed Maurice
  9391 | D:8      | Paralysed by Maurice for 2 turns
  9399 | D:8      | Killed Maurice
  9400 | D:8      | Reached skill level 1 in Invocations
  9417 | D:8      | Reached * piety under Okawaru
  9616 | D:8      | Found an opulent altar of Gozag.
  9670 | D:8      | Noticed Pikel
  9684 | D:8      | Reached skill level 12 in Long Blades
  9684 | D:8      | Reached XP level 10. HP: 72/86 MP: 10/10
  9697 | D:8      | Killed Pikel
  9697 | D:8      | Reached ** piety under Okawaru
 10149 | D:8      | Noticed a deep elf mage
 10162 | D:8      | Killed a deep elf mage
 10162 | D:8      | Reached *** piety under Okawaru
 10308 | D:8      | Found Ynuapifo's Magic Scroll Shoppe.
 10324 | D:8      | Bought a scroll of immolation for 42 gold pieces
 10324 | D:8      | Bought a scroll of identify for 24 gold pieces
 10324 | D:8      | Bought a scroll of identify for 24 gold pieces
 10483 | D:8      | Noticed a gargoyle
 10513 | D:8      | Killed a gargoyle
 10517 | D:8      | Received a gift from Okawaru
 10827 | D:9      | Found a staircase to the Orcish Mines.
 10934 | D:9      | HP: 4/88 [disintegration (17)]
 10934 | D:9      | Blown up by a centaur

Illustrated notes

Levels and vault maps discovered:
D:1:      dpeg_arrival_ternary, layout_basic
D:2:      layout_loops_cross
D:3:      layout_loops_ring, nemelex_xobeh_ov_fountains_minmay, minivault_19
D:4:      layout_rooms, kennysheep_mini_moat, general_overflow_altar
D:5:      layout_gridville, nicolae_ossuary_entry_monument, serial_shops,
          shop_fountains
D:6:      layout_loops_ring, nicolae_qazlal_general_emergency,
          cheibrodos_sewer_entry_bend, kennysheep_cross_bottleneck
D:7:      wad_guarded_room, layout_cave_pools, yredelemnul_altar_generic,
          minmay_temple_entry_large_hall, serial_column_ruins,
          column_ruins_hut_ruined, column_ruins_hut, column_ruins_open_small,
          column_ruins_grid_1, column_ruins_grid_4, column_ruins_corridor_plus,
          column_ruins_columns_straight
D:8:      minmay_the_grid_octo_triangle [minmay_the_grid_octo_checkerflower,
          minmay_the_grid_octo_prize_single_spiral,
          minmay_the_grid_octo_vomiting_pacman], layout_rooms, serial_shops,
          shop, minmay_diamond_spiral, uniq_maurice, uniq_pikel
D:9:      layout_rooms, kennysheep_mini, david_orc_2
Temple:   eino_temple_rhombus

Skill      XL: |  1  2  3  4  5  6  7  8  9 10 |
---------------+-------------------------------+-----
Long Blades    | 4 5 7 8 10 12 | 12.9
Fighting       | 3 4 5 6 7 8 |  8.1
Dodging        | 4 5 6 |  6.4
Armour         | 1 2 3 5 6 7 |  7.7
Stealth        | 1 |  1.8
Bows           | 2 3 |  3.3
Invocations    | 2 3 |  3.9
Throwing       | |  2.2

Action                   |  1- 3 |  4- 6 |  7- 9 | 10-12 || total
-------------------------+-------+-------+-------+-------++-------
Melee: Long sword        |    74 |   132 |   374 |    93 ||   673
       Headbutt          |    15 |    25 |    82 |    18 ||   140
 Fire: Shortbow          |       |       |    24 |     4 ||    28
Throw: Throwing net      |       |     1 |       |       ||     1
       Dart              |       |     4 |       |       ||     4
  Use: Scroll            |       |     8 |     9 |     6 ||    23
       Potion            |       |       |     2 |       ||     2
Armor: Leather armour    |    14 |    44 |    38 |       ||    96
       Chain mail        |       |       |    98 |    44 ||   142
Dodge: Dodged            |    43 |    68 |   200 |    34 ||   345
       Rpst.: Long sword |     8 |    23 |    54 |     9 ||    94
